 Dungeon Crawl Stone Soup version 0.31.0-12-g77e489cdc1 (webtiles) character file.

Game seed: 6804814937294580525

18 sadbutuwu the Trooper (level 2, -5/24 HPs)
             Began as a Demonspawn Berserker on Feb 17, 2024.
             Was a Follower of Trog.
             Slain by a hobgoblin
             ... wielding the +7 short sword "Toesumne" {pain, ^Fragile Will+ Int+2}
              (12 damage)
             ... on level 2 of the Dungeon.
             The game lasted 00:07:26 (1027 turns).

sadbutuwu the Trooper (Demonspawn Berserker)        Turns: 1027, Time: 00:07:27

Health: -5/24      AC:  2    Str: 17    XL:     2   Next: 48%
Magic:  2/2        EV: 12    Int:  7    God:    Trog [*.....]
Gold:   66         SH:  0    Dex: 12    Spells: 1/1 levels left

rFire   . . .        a - +0 falchion
rCold   . . .        (no shield)
rNeg    . . .        b - +0 animal skin
rPois   .            (no helmet)
rElec   .            (no cloak)
rCorr   .            (no gloves)
SInv    .            (no boots)
Will    .....        (no amulet)
Stlth   +            (no ring)
HPRegen 0.24/turn    (no ring)
MPRegen 0.16/turn

%: no passive effects
@: on berserk cooldown, slowed, very slow
A: magic regeneration
a: Renounce Religion, Berserk


You were on level 2 of the Dungeon.
You worshipped Trog.
Trog was aware of your devotion.
You visited 1 branch of the dungeon, and saw 2 of its levels.

You collected 66 gold pieces.

Inventory:

Hand Weapons
 a - a +0 falchion (weapon)
Armour
 b - a +0 animal skin (worn)
Scrolls
 g - a scroll of teleportation
Potions
 c - a potion of might {unknown}
 f - 2 potions of degeneration


   Skills:
 + Level 3.2 Fighting
 + Level 3.1 Long Blades
 + Level 1.9 Armour
 + Level 1.8 Dodging


You had one spell level left.
You didn't know any spells.
Your spell library was empty.

Dungeon Overview and Level Annotations

Branches:
Dungeon (2/15)

Altars:

Shops:
D:1 *


Innate Abilities, Weirdness & Mutations

You regenerate magic rapidly.


Message History

A red film seems to cover your vision as you go berserk!
You feel yourself moving faster!
You feel mighty!
The giant cockroach bites you but does no damage.
The kobold hits you with a +0 club.
* * * LOW HITPOINT WARNING * * *
You closely miss the kobold.
The kobold is heavily wounded.
The giant cockroach barely misses you.
You hit the kobold but do no damage.
The kobold is heavily wounded.
The kobold hits you with a +0 club.
* * * LOW HITPOINT WARNING * * *
The giant cockroach barely misses you.
You hit the kobold.
You kill the kobold!
Trog accepts your kill.
You hit the giant cockroach.
You feel the power of Trog in you as your rage grows.
You kill the giant cockroach!
Trog accepts your kill.
You see here a giant cockroach corpse.
You start resting.
You feel a strong urge to attack something.
You start resting.
You feel your anger nearly subside.
You are no longer berserk.
You are exhausted.
You feel yourself slow down.
You start resting.
A hobgoblin comes into view.
It is wielding the +7 short sword "Toesumne" {pain, ^Fragile Will+ Int+2}.
The hobgoblin moves out of view.
You start resting.
A hobgoblin is nearby!
A hobgoblin is nearby!
You start resting.
A hobgoblin is nearby!
A hobgoblin is nearby!
A hobgoblin is nearby!
The hobgoblin hits you with the +7 short sword "Toesumne" {pain, ^Fragile Will+ Int+2}!
Ouch! That really hurt!
You die...

# #.# #.......#
#.####.# #.#######
...#.# #.# #.#.# #.#
.## ##...# #.#
....####.?..# ##.#
............#### #..#
#...#....[.g...###'###
. #.....†#@..##~~.~~##
#...#.).#...#~~~.~~~#
#..#....#...#~~~.~~~#
###...#.#...#~~~♣~~~#
#..#..#.#.#~~~~~~~#
### ..#.###~~~~~~~#
..#.. ##~~~~~## .#.#..
####### ...


You could see a hobgoblin.

Vanquished Creatures
  A bat (D:1)
  2 endoplasms (D:1)
  2 giant cockroaches (D:2)
  A hobgoblin (D:2)
  A kobold (D:2)
  2 quokkas
  2 frilled lizards (D:1)
  2 goblins (D:1)
  3 rats (D:1)
16 creatures vanquished.

Notes
Turn   | Place    | Note
-------+----------+-------------------------------------------
     0 | D:1      | sadbutuwu the Demonspawn Berserker began the quest for the
                  | Orb.
     0 | D:1      | Reached XP level 1. HP: 18/18 MP: 1/1
   386 | D:1      | Found Koos Mot's Assorted Antiques.
   456 | D:1      | Gained mutation: You regenerate magic rapidly. [demonic
                  | ancestry]
   456 | D:1      | Reached XP level 2. HP: 23/24 MP: 2/2
  1016 | D:2      | Identified the +7 short sword "Toesumne" {pain, ^Fragile
                  | Will+ Int+2}
  1027 | D:2      | Slain by a hobgoblin

Illustrated notes

Levels and vault maps discovered:
D:1:      elethiomel_arrival_quiet, layout_basic, serial_shops,
          nicolae_shop_temple_entry_statues_fountains
D:2:      layout_basic, serial_shops, nicolae_square_shop,
          amcnicky_mini_pool_small, minmay_splitting_lines,
          kennysheep_flooded_box, uniq_sigmund

Skill      XL: |  1 |
---------------+----+-----
Long Blades    | 3 |  3.1
Fighting       | |  3.2
Armour         | |  1.9
Dodging        | |  1.8

Action                     || total
---------------------------++-------
  Melee: Falchion          ||    56
 Invoke: Berserk           ||     1
    Use: Scroll            ||     3
   Stab: Sleeping          ||     1
 Armour: Animal skin       ||    39
  Dodge: Dodged            ||    43
